 Dungeon Crawl Stone Soup version 0.31-a0-816-gd61d57ddb1 (webtiles) character file.

Game seed: 16420605311251295368

709 Maratek the Magician (level 7, -2/36 HPs)
             Began as a Deep Elf Air Elementalist on Sept 22, 2023.
             Shot with an arrow by a centaur (9 damage)
             ... on level 5 of the Dungeon.
             The game lasted 00:09:53 (6294 turns).

Maratek the Magician (Deep Elf Air Elementalist)    Turns: 6294, Time: 00:09:54

Health: -2/36      AC:  3    Str:  5    XL:     7   Next: 40%
Magic:  13/18      EV: 13    Int: 22    God:
Gold:   332        SH:  0    Dex: 15    Spells: 17/18 levels left

rFire   . . .        (no weapon)
rCold   . . .        (no shield)
rNeg    . . .        a - +0 robe
rPois   .            m - +0 helmet
rElec   .            (no cloak)
rCorr   .            (no gloves)
SInv    .            (no boots)
Will    .....        (no amulet)
Stlth   ++           (no ring)
HPRegen 0.26/turn    (no ring)
MPRegen 0.16/turn

%: no passive effects
@: no status effects
A: no striking features
a: no special abilities


You were on level 5 of the Dungeon.
You visited 1 branch of the dungeon, and saw 5 of its levels.

You collected 332 gold pieces.

Inventory:

Armour
 a - a +0 robe (worn)
 m - a +0 helmet (worn)
Jewellery
 l - a ring of fire
Scrolls
 c - 6 scrolls of identify {unknown}
 d - a scroll of enchant weapon {unknown}
 h - 2 scrolls of fear {unknown}
 i - 3 scrolls of amnesia {unknown}
Potions
 b - a potion of magic
 e - 2 potions of might {unknown}
 f - a potion of invisibility {unknown}
 g - 3 potions of curing {unknown}
 j - a potion of heal wounds {unknown}
 k - a potion of attraction {unknown}
 n - a potion of cancellation {unknown}
 o - a potion of mutation {unknown}
 p - 2 potions of degeneration {unknown}
 q - a potion of enlightenment {unknown}


   Skills:
 + Level 0.1 Fighting
 + Level 3.7 Dodging
 + Level 3.2 Stealth
 + Level 6.1 Spellcasting
 + Level 4.0 Conjurations
 + Level 6.0 Air Magic


You had 17 spell levels left.
You knew the following spells:

 Your Spells              Type           Power      Damage    Failure   Level
a - Shock                 Conj/Air       100%       1d9       1%          1

Your spell library contained the following spells:

 Spells                   Type           Power      Damage    Failure   Level
 Static Discharge         Conj/Air       56%        2-5/arc   1%          2
 Swiftness                Air            33%        N/A       2%          3
 Airstrike                Air            16%        2d(3-19)  8%          4
 Ensorcelled Hibernation  Hex/Ice        12%        N/A       14%         2
 Passwall                 Tmut/Erth      5%         N/A       14%         2
 Inner Flame              Hex/Fire       6%         N/A       26%         3
 Yara's Violent Unravell  Hex/Tmut       3%         3d4       94%         5
 Enfeeble                 Hex            3%         N/A       100%        7


Dungeon Overview and Level Annotations

Branches:
Dungeon (5/15)
 Temple: D:4-7

Altars:
Kikubaaqudgha

Shops:
D:1 ?   D:2 *

Annotations:
D:5 3 runed translucent doors, nago's ghost, amateur DrHW


Message History

Found 3 stones.
Found a stone.
Found a trident.
c - 6 scrolls labelled GUZIAR BAEPA (gained 1)
Found a stone staircase leading down.
Found 6 boomerangs.
You see here a +0 trident.
Nago's ghost frowns in concentration.
A centaur comes into view.
A centaur is nearby!
The zap hits the centaur.
The centaur is lightly wounded.
The centaur shouts!
The centaur wields a +0 orcbow.
The centaur shoots an arrow.
The arrow hits you.
The zap hits the centaur.
The centaur is lightly wounded.
The centaur shoots an arrow.
The arrow hits you.
The zap hits the centaur.
The centaur is moderately wounded.
The centaur shoots an arrow.
The arrow hits you!
The zap hits the centaur but does no damage.
The centaur is moderately wounded.
The centaur shoots an arrow.
The arrow hits you!
You are too injured to fight recklessly!
You are too injured to fight recklessly!
Aiming: Shock (safe; 1% risk of failure)
Press: ? - help, Q - select action Shift-Dir - straight line, f/p - centaur
Aim: a centaur, wielding a +0 orcbow (moderately wounded, 84% to hit)
The zap hits the centaur.
The centaur is heavily wounded.
The centaur shoots an arrow.
The arrow hits you.
* * * LOW HITPOINT WARNING * * *
Aiming: Shock (safe; 1% risk of failure)
Press: ? - help, Q - select action Shift-Dir - straight line, f/p - centaur
Aim: a centaur, wielding a +0 orcbow (heavily wounded, 84% to hit)
The zap hits the centaur.
The centaur is almost dead.
The centaur shoots an arrow.
The arrow hits you!
You die...

#.....# #.....#
#...c.#
#####.....# #
..........###.#
. .............
...##......#
#.....@..#
..#..##..#..#
.....##.## ...#
#........# ###
#### #
###.####.#
##... ## #.#
##.#.# .#####
##.## ##.###.
.....# #...#
#.## ## .###.#
#...# ##.###.


You could see a centaur.

Vanquished Creatures
  An ogre (D:4)
  A scorpion (D:4)
  3 hounds
  A jelly (D:5)
  An orc priest (D:4)
  3 iguanas (D:4)
  3 orc wizards
  4 adders
  8 gnolls
  An ufetubus (D:4)
  13 dart slugs
  A worm (D:2)
  14 orcs
  6 endoplasms
  2 giant cockroaches (D:2)
  4 goblins
  7 hobgoblins
  4 jackals (D:2)
  4 kobolds
  5 quokkas
  4 ball pythons
  5 bats
  2 frilled lizards
  3 rats
100 creatures vanquished.

Vanquished Creatures (others)
  An orc wizard (D:4)
1 creature vanquished.

Grand Total: 101 creatures vanquished

Notes
Turn   | Place    | Note
-------+----------+-------------------------------------------
     0 | D:1      | Maratek the Deep Elf Air Elementalist began the quest for
                  | the Orb.
     0 | D:1      | Reached XP level 1. HP: 10/10 MP: 6/6
   382 | D:1      | Reached XP level 2. HP: 15/15 MP: 4/8
   752 | D:1      | Found The Oracle's Delphic Readings.
  1525 | D:2      | Reached XP level 3. HP: 19/19 MP: 6/10
  1915 | D:2      | Found Onocaj's General Store.
  2312 | D:2      | Reached XP level 4. HP: 24/24 MP: 8/12
  2768 | D:3      | Reached XP level 5. HP: 28/28 MP: 9/13
  3213 | D:3      | Noticed an ogre
  3333 | D:3      | Found an ancient bone altar of Kikubaaqudgha.
  4191 | D:4      | Reached skill level 5 in Spellcasting
  4266 | D:4      | Noticed an ogre
  4272 | D:4      | Killed an ogre
  4273 | D:4      | Reached XP level 6. HP: 32/32 MP: 9/16
  4419 | D:4      | Reached skill level 5 in Air Magic
  4712 | D:4      | Reached XP level 7. HP: 18/36 MP: 6/17
  5615 | D:5      | Entered Level 5 of the Dungeon
  6114 | D:5      | Found a runed translucent gate.
  6115 | D:5      | Found a runed translucent gate.
  6116 | D:5      | Found a runed translucent gate.
  6116 | D:5      | Noticed nago's ghost (amateur DrHW)
  6294 | D:5      | Shot with an arrow by a centaur

Illustrated notes

Levels and vault maps discovered:
D:1:      minmay_arrival_semitransparent, layout_loops_corners,
          minmay_misc_feat_hallway, nicolae_nh_oracle_at_delphi
D:2:      layout_basic, serial_shops, shop_coins
D:3:      minmay_angry_zag, layout_basic, kiku_gazebo_pond_becter,
          lightli_corner_chamber
D:4:      kennysheep_slugbush, layout_basic, kennysheep_diamond
D:5:      layout_loops_cross, ebering_ghost_rock_garden, minmay_misc_feat_iff

Skill      XL: |  1  2  3  4  5  6  7 |
---------------+----------------------+-----
Spellcasting   | 4 5 6 |  6.1
Conjurations   | 2 3 4 |  4.0
Air Magic      | 4 5 6 |  6.0
Stealth        | 3 |  3.2
Dodging        | 3 |  3.7
Fighting       | |  0.1

Action                     |  1- 3 |  4- 6 |  7- 9 || total
---------------------------+-------+-------+-------++-------
   Cast: Shock             |    88 |   130 |    63 ||   281
 Armour: Robe              |    17 |    17 |    28 ||    62
  Dodge: Dodged            |    28 |    19 |     2 ||    49

Table legend: (Time is in decaauts)
 A = Elapsed time spent in this place.
 B = Non-inter-level travel time spent in this place.
 C = Inter-level travel time spent in this place.
 D = Time resting spent in this place.
 E = Time spent auto-exploring this place.
 F = Levels seen in this place.
 G = Mean time per level.
                   A        B        C        D        E       F      G
               +--------+--------+--------+--------+--------+-----+--------+
         Total |   6297 |   5914 |    383 |    681 |   4481 |   5 | 1259.4 |
       Dungeon |   6297 |   5914 |    383 |    681 |   4481 |   5 | 1259.4 |
               +--------+--------+--------+--------+--------+-----+--------+

Top non-repeatable levels by time:
     D:4: 1796 daAuts
     D:2: 1325 daAuts
     D:1: 1287 daAuts
     D:3: 1210 daAuts
     D:5: 678 daAuts
